Cogmind - Beta 10.2 @@@ ROGUE MODE // 2021.05.06 @ 16:53:46 Player: Teratos Result: Destroyed by YI-UF0 with YI-UF0's Doublenader Performance ------------- Evolutions (0) 0 Regions Visited (2) 400 Robots Destroyed (8) 40 Value Destroyed (65) 65 Prototype IDs (0) 0 Alien Tech Used (0) 0 Bonus (0) 0 TOTAL SCORE: 505 Bonus ------- None Cogmind --------- Core Integrity 0/250 Matter 135/300 Energy 99/100 System Corruption 3% Temperature Cool (0) Movement Core (100) Ox1 Location -10/Mines Parts ------- > --- POWER (1) -------- (None) > --- PROPULSION (2) --- (None) > --- UTILITY (2) ------ Weapon Shielding > --- WEAPON (2) ------- Grenade Launcher > --- INVENTORY (4) ---- Small Laser Peak State ------------ > --- POWER ------------ Ion Engine > --- PROPULSION ------- Aluminum Leg Aluminum Leg > --- UTILITY ---------- Seismic Analyzer Seismic Analyzer > --- WEAPON ----------- EM Pulse Gun Medium Laser > --- INVENTORY -------- Small Laser [Rating: 7] Favorites ----------- Power Ion Engine Engine Ion Engine Propulsion Aluminum Leg Leg Aluminum Leg Utility Weapon Shielding Processor Seismic Analyzer Protection Weapon Shielding Weapon Light Cannon Energy Gun Medium Laser Ballistic Cannon Light Cannon Launcher Grenade Launcher Build | -11 -10 -10 ------- Run | Scr Mat Min Slots Evolved . | . . . Power . | . . . Propulsion . | . . . Utility . | . . . Weapon . | . . . Parts Attached 19 | 5 13 1 Power 1 | 1 . . Engine 1 | 1 . . Core . | . . . Reactor . | . . . Propulsion 4 | 2 2 . Treads . | . . . Leg 4 | 2 2 . Wheel . | . . . Hover . | . . . Flight . | . . . Utility 4 | . 4 . Device . | . . . Storage . | . . . Processor 2 | . 2 . Hackware . | . . . Protection 2 | . 2 . Artifact . | . . . Weapon 10 | 2 7 1 Energy Gun 6 | 2 4 . Energy Cannon . | . . . Ballistic Gun . | . . . Ballistic Cannon 3 | . 3 . Launcher 1 | . . 1 Special Weapon . | . . . Impact Weapon . | . . . Slashing Weapon . | . . . Piercing Weapon . | . . . Special Melee Weapon . | . . . Unidentified Prototypes . | . . . Parts Lost 5 | . . 5 Power . | . . . Propulsion 2 | . . 2 Utility 1 | . . 1 Weapon 2 | . . 2 Highest Loss Streak 5 | . . 5 Average Slot Usage (%) 86 | . 79 92 Engine 12 | . 14 12 Leg 25 | . 26 24 Processor 2 | . 5 . Protection 17 | . 5 27 Energy Gun 9 | . 20 . Ballistic Cannon 17 | . 6 26 Naked Turns . | . . . Heaviest Build 13 | 9 13 13 Greatest Support 20 | 20 20 20 Greatest Overweight (x) 2 | . 1 2 Average Overweight (x) . | . . . Largest Inventory Capacity 4 | 4 4 4 Average Capacity 4 | 4 4 4 Most Carried 1 | . 1 1 Average Carried . | . . 1 Final Capacity 4 | 4 4 4 Final Carried 1 | . 1 1 Class Distribution -------------------- 100% | Mutant Dominant Class ---------------- Mutant | -10/Materials Mutant | -10/Mines Resources | -11 -10 -10 ----------- Run | Scr Mat Min Matter Collected 352 | 131 164 57 Remotely . | . . . Salvage Created 213 | . 164 49 Parts 7 | . 4 3 Haulers Intercepted 2 | . 2 . Recyclers Shooed 1 | . . 1 Parts Field Recycled . | . . . Retrieved Matter . | . . . Parts Self-Destructed . | . . . Prevented . | . . . Kills | -11 -10 -10 ------- Run | Scr Mat Min Combat Hostiles Destroyed 6 | . 1 5 Guns 1 | . 1 . Cannons 2 | . . 2 AOE 3 | . . 3 Classes Destroyed 6 | . 3 3 Worker 2 | . . 2 Builder 1 | . 1 . Hauler 2 | . 2 . Swarmer 2 | . . 2 Grunt 1 | . 1 . Assembled 3 | . . 3 Best Kill Streak 3 | . 1 3 Combat Bots Only 3 | . 1 3 Max Kills in Single Turn 2 | . 1 2 Gunslinging . | . . . Exploded 2 | . . 2 Melee . | . . . Uniques/NPCs Destroyed . | . . . Combat | -11 -10 -10 -------- Run | Scr Mat Min Damage Taken 874 | . 22 852 Core 258 | . . 258 Absorbed by Shields . | . . . Core Remaining (%) 100 | 100 . . Volleys Fired 38 | . 19 19 Largest 2 | . 2 2 Hottest 90 | . 90 70 Shots Fired 69 | . 38 31 Gun 32 | . 32 . Cannon 34 | . 6 28 Launcher 3 | . . 3 Special . | . . . Kinetic 34 | . 6 28 Thermal 16 | . 16 . Explosive 3 | . . 3 Electromagnetic 16 | . 16 . Robot Hit Streak 10 | . 10 3 Robot Miss Streak 5 | . 5 5 Penetration Max . | . . . Secondary Targets . | . . . Shots Hit Robots 31 | . 20 11 Core Hits 16 | . 7 9 Critical Hits . | . . . Critical Kills . | . . . Critical Parts Destroyed . | . . . Melee Attacks . | . . . Impact . | . . . Slashing . | . . . Piercing . | . . . Sneak Attacks . | . . . Combat Hostiles . | . . . Follow-up Attacks . | . . . Damage Inflicted 577 | . 247 330 Guns 177 | . 177 . Cannons 226 | . 70 156 Explosions 161 | . . 161 Melee . | . . . Ramming 13 | . . 13 Kinetic 226 | . 70 156 Thermal 88 | . 88 . Explosive 161 | . . 161 Electromagnetic 89 | . 89 . Impact . | . . . Slashing . | . . . Piercing . | . . . Highest Corruption 3 | . . 3 Average Corruption 3 | . . 3 Corruption Purged . | . . . Effects 1 | . . 1 Message Errors 1 | . . 1 Overload Shots . | . . . Overflow Damage . | . . . Projectiles . | . . . Explosions . | . . . Melee . | . . . Knockbacks 4 | . 2 2 Impact . | . . . Kinetic 4 | . 2 2 Secondary . | . . . Self-Inflicted Damage 72 | . . 72 Shots 2 | . . 2 Rammed 3 | . . 3 Targets Rammed 3 | . . 3 Kicked . | . . . Crushed . | . . . Highest Temperature 166 | . 166 72 Average Temperature 48 | . 54 37 Received Heat Transfer 12 | . 12 . Siege Activations . | . . . Robots Corrupted . | . . . Combat Hostiles . | . . . Parts Fried 1 | . 1 . Impact Corruptions . | . . . Robots Melted . | . . . Combat Hostiles . | . . . Parts Melted . | . . . Heat Transferred 259 | . 259 . Parts Sabotaged . | . . . Parts Stolen . | . . . Parts Stripped . | . . . Power Chain Reactions . | . . . Missiles Intercepted . | . . . Alert | -11 -10 -10 ------- Run | Scr Mat Min Peak Influence 80 | . 79 80 Initial 30 | . . 30 Average 47 | . 37 61 Maximum Alert Level . | . . . Low Security (%) 100 | 100 100 100 Level 1 . | . . . Level 2 . | . . . Level 3 . | . . . Level 4 . | . . . Level 5 . | . . . High Security . | . . . Max Security . | . . . Squads Dispatched 1 | . 1 . Investigation . | . . . Extermination . | . . . Reinforcement 1 | . 1 . Assault . | . . . Garrison . | . . . Intercept . | . . . Construction Impeded . | . . . Haulers Reinforced . | . . . Stealth | -11 -10 -10 --------- Run | Scr Mat Min Distress Signals 1 | . 1 . Communications Jammed . | . . . Distress Signals . | . . . Times Spotted 28 | . 7 21 Peak Tracking Total 19 | . 3 19 Tactical Retreats 2 | . . 2 Traps | -11 -10 -10 ------- Run | Scr Mat Min Traps Triggered 2 | . 2 . Indirectly . | . . . Trap Hack Attempts . | . . . Triggered . | . . . Disarmed . | . . . Reprogrammed . | . . . Reused . | . . . Traps Extracted . | . . . Installed . | . . . Triggered . | . . . Machines | -11 -10 -10 ---------- Run | Scr Mat Min Machines Disabled . | . . . Max in Single Turn . | . . . Machines Sabotaged . | . . . Garrisons Compromised . | . . . Overloaded Fab Kills . | . . . Fab Network Shutdowns . | . . . Hacking | -11 -10 -10 --------- Run | Scr Mat Min Machines Accessed . | . . . Terminals . | . . . Fabricators . | . . . Repair Stations . | . . . Recycling Units . | . . . Scanalyzers . | . . . Garrison Access . | . . . Total Hacks . | . . . Successful . | . . . Failed . | . . . Catastrophic . | . . . Database Lockouts . | . . . Manual . | . . . Terminals . | . . . Fabricators . | . . . Repair Stations . | . . . Recycling Units . | . . . Scanalyzers . | . . . Garrison Access . | . . . Terminal Hacks . | . . . Fabricator Hacks . | . . . Repair Station Hacks . | . . . Recycling Unit Hacks . | . . . Scanalyzer . | . . . Garrison Access Hacks . | . . . Unauthorized Hacks . | . . . Terminals . | . . . Fabricators . | . . . Repair Stations . | . . . Recycling Units . | . . . Scanalyzers . | . . . Garrison Access . | . . . Data Cores Recovered . | . . . Used . | . . . Hacking Detections . | . . . Full Trace Events . | . . . Feedback Events . | . . . Feedback Blocked . | . . . Robot Schematics Acquired . | . . . Robots Built . | . . . Matter . | . . . Time . | . . . Total Robot Build Rating . | . . . Part Schematics Acquired . | . . . Parts Built . | . . . Matter . | . . . Time . | . . . Total Part Build Rating . | . . . Parts Repaired . | . . . Time . | . . . Parts Recycled . | . . . Recycled Matter . | . . . Retrieved Matter . | . . . Retrieved Components . | . . . Parts Scanalyzed . | . . . Part Schematics Acquired . | . . . Parts Damaged . | . . . Bothacking | -11 -10 -10 ------------ Run | Scr Mat Min Used RIF Installer . | . . . Robots Hacked . | . . . Non-combat . | . . . Combat . | . . . Robot Hacks Applied . | . . . Relay Couplers Released . | . . . Robots Rewired . | . . . Allies Hacked . | . . . Hacks Repelled . | . . . Allies | -11 -10 -10 -------- Run | Scr Mat Min Total Allies . | . . . Largest Group . | . . . Highest-Rated Group . | . . . Highest-Rated Ally . | . . . Total Orders . | . . . Ally Attacks . | . . . Total Damage . | . . . Kills . | . . . Allies Corrupted . | . . . Allies Melted . | . . . Intel | -11 -10 -10 ------- Run | Scr Mat Min Robot Analysis Total . | . . . Derelict Logs Recovered 2 | . . 2 Drone Launches . | . . . Drone Recoveries . | . . . Exploration | -11 -10 -10 ------------- Run | Scr Mat Min Turns Passed 875 | 60 369 446 Spaces Moved 586 | 45 212 329 Core 51 | 5 . 46 Treads . | . . . Legs 535 | 40 212 283 Wheels . | . . . Hover . | . . . Flight . | . . . Fastest Speed 50 | 50 120 50 Average Speed 118 | 112 121 117 Slowest Speed 150 | 120 150 150 Overloaded Moves . | . . . Propulsion Burnouts . | . . . Robots Hopped . | . . . Cave-ins Triggered . | . . . Exploration Rate (%) 34 | 5 41 57 Regions Visited 2 Branch Regions 1 Pre-discovered Areas 1 | . . 1 Known Exits Taken . | . . . Unknown Exits Taken 2 | 1 1 . Scrap Searched . | . . . Spaces Dug . | . . . Terrain Destroyed 21 | . . 21 Melee . | . . . Projectile . | . . . AOE 21 | . . 21 Terrain Rammed . | . . . Walls Destroyed . | . . . Machines Disabled . | . . . Actions | -11 -10 -10 --------- Run | Scr Mat Min Total 691 | 52 281 358 Wait 43 | 3 34 6 Move 584 | 44 211 329 Hop . | . . . Pick Up . | . . . Fast Attach 17 | 5 11 1 Attach . | . . . Detach . | . . . Swap 2 | . 2 . Drop 4 | . 4 . Fire 38 | . 19 19 Melee . | . . . Ram 2 | . . 2 Kick 1 | . . 1 Crush . | . . . Escape Stasis . | . . . Rewire . | . . . Trap . | . . . Miscellaneous . | . . . Route ------- -11/Scrapyard -10/Materials -10/Mines (discovered 1 exit: [*Mat]) History --------- Turn | Location | Event 37 | -11/Scrapyard | Discovered new exit (range 15) 61 | -11/Scrapyard | Entered Materials 301 | -10/Materials | Build established: Mutant 401 | -10/Materials | Discovered new exit (range 13) 430 | -10/Materials | Entered Mines 453 | -10/Mines | YI-UF0 nonchalantly dropped a Grenade Launcher on the ground 551 | -10/Mines | Learned Materials emergency access door positions 554 | -10/Mines | Learned location of Storage (-7) 592 | -10/Mines | Discovered new exit (range 7) 787 | -10/Mines | Assembled infested the area 841 | -10/Mines | Core integrity fell below 50% 875 | -10/Mines | Core integrity fell below 20% 876 | -10/Mines | Destroyed by YI-UF0 with YI-UF0's Doublenader Last Messages --------------- 00843_ Weapon Shielding destroyed. 00843_ System corrupted by crushing effect (+3). 00843_ as-01141 sneak attacks. 00843_ U-05 Engineer destroyed. 00855_ Lgt. Cannon destroyed. 00857_ OWHN9JU KHRAEJW8ES CC|T:#|GAD7UALS,CEOS 00862_ Slammed into R-06 Scavenger. 00862_ Destabilizing: Core damaged (-5). 00864_ Slammed into T-07 Excavator. 00865_ Acquired Grenade Launcher. 00869_ YI-UF0: "BAROOM!" 00869_ as-08401 destroyed. 00869_ YI-UF0: "KAPOW!" 00869_ as-01141 destroyed. 00870_ as-84721 destroyed. 00871_ The unstable cave ceiling collapses. 00874_ as-57352 destroyed. 00874_ as-69013 destroyed. 00874_ YI-UF0: "BOOM!" 00874_ K-01 Serf destroyed. Map ----- +----------------------------------------------------+ | | | | | | | | | | | | | | | | | | | | | | | | | ?????????????????????????????????????????????????? | | ?????????????????????????????????????????????????? | | ???????????##????????????????????????????????????? | | ???????????? ????????????????????????????????????? | | ???????????? ???????????????????????????????????? | | ????????????? ???????########???????????????????? | | ?????????????? #??????# #???????????????????? | | ??????????????? ??????# #???????????????????? | | ??????????????? ?????# #???????????????????? | | ???????????????? #????# #??######???????????? | | ????????????????? ????# #? #???????????? | | ?????????????????# ???## ### # #########???? | | ???? ### ##### g t ???? | | ???????# r t@ ???????? | | ????????# ### #### k a #???????????? | | ?????????????????# ???## ##???????????? | | ????????????????? ?????# ##????????????? | | ????????????????##?????### % ###???????????? | | ?????????????????????????#######! ##??????????? | | ???????????????????????????????# #??????????? | | ????????????????????????????# #??????????? | | ???????????????????????????# ######??????????? | | ???????????###?????????????# #???????????????? | | ?????###### ####?????????# #???????????????? | | ????# #????????## #???????????????? | | #???# #??????### ##??????????????? | | #??# ###### #?????## #??????????????? | | # ### #????# #?????# #??????????????? | | ?# #????#!%####### #??????????????? | | ## #????# = !%[ ##??????????????? | | # ##???# *= ##??????????????? | | #???### ## ##### ##?????????????? | | #?????# ## #?## #?????????????? | | #?????# ## ### #?????????????? | | %=%####### ## #?????????????? | | ### ## ##### ##?????????????? | | ???###?# ####### #???# ##??????????????? | | ??????## ##?????# #???# ##??####?????????? | +----------------------------------------------------+ Best States ------------- Heat Dissipation 25 Energy Generation 10 Energy Capacity 250 Matter Stores 245 Matter Capacity 300 Sight Range 16 Terrain Scan Density 110 Weapon Shielding 33 Evasion (%) 50 Item Schematics ----------------- None Robot Schematics ------------------ None Fabricated ------------ Nothing Alien Tech Used ----------------- None Achievements -------------- None Challenges ------------ None Game ------ Seed GuidedTacticalAmplifier Manual? 0 Play Time 00:07:52 Cumulative 53.7 hours Start 2021.05.06 @ 16:48:36 End 2021.05.06 @ 16:53:46 Sessions 1 Manual Loads 0 Difficulty Rogue Special Mode None Game No. 119 Rogue 119 Adventurer 0 Explorer 0 Win Type - Total 0 Types 0/0/0/0/0/0/0/0/0 Lore% 24 Gallery% 30 Achievement% 26 Wizard Run 0 Options --------- ASCII 0 Keyboard 0 Movement Numpad Keybinds 0 Fullscreen 1 Font 12/Smallcaps Map View 83x54 Tactical HUD 1 Map Filters NONE Filters NONE Steam 1 RUN: d4a1cd82-73c8-4a95-a751-7f4fba7b5625